 Dungeon Crawl Stone Soup version 0.25-a0-1130-g3926558f3a (webtiles) character file.

Game seed: 9228893131198422659, levelgen mode: deterministic

60 kae the Skirmisher (level 4, -2/37 HPs)
             Began as a Formicid Abyssal Knight on May 19, 2020.
             Was a Follower of Lugonu.
             Slain by a gnoll
             ... wielding a cursed -1 spear
              (10 damage)
             ... on level 3 of the Dungeon.
             The game lasted 00:01:29 (1544 turns).

kae the Skirmisher (Formicid Abyssal Knight)        Turns: 1544, Time: 00:01:29

Health: -2/37      AC:  3    Str: 17      XL:     4   Next: 24%
Magic:  6/6        EV: 11    Int: 11 (12) God:    Lugonu [*.....]
Gold:   12         SH:  0    Dex: 10      Spells: 3/3 levels left

rFire    + . .     SeeInvis +   a - +1 falchion
rCold    . . .     Gourm    .   (no shield)
rNeg     . . .     Faith    .   b - +0 leather armour
rPois    +         Spirit   .   (helmet unavailable)
rElec    .         Reflect  .   (no cloak)
rCorr    .         Harm     .   (no gloves)
MR       .....                  (no boots)
Stlth    +.........             (no amulet)
HPRegen  0.12/turn              f - ring of protection from fire
MPRegen  0.10/turn              (no ring)

@: no status effects
A: permanent stasis, dig shafts and tunnels, four strong arms, antennae 3,
deterioration 1, poison resistance, wild magic 1
a: Dig, Shaft Self, Depart the Abyss, Renounce Religion


You were on level 3 of the Dungeon.
You worshipped Lugonu.
Lugonu was aware of your devotion.
You were not hungry.

You visited 1 branch of the dungeon, and saw 3 of its levels.
You visited the Abyss 1 time.

You collected 12 gold pieces.

Inventory:

Hand Weapons
 a - a +1 falchion (weapon)
Armour
 b - a +0 leather armour (worn)
Jewellery
 f - a ring of protection from fire (left hand)
Scrolls
 g - 2 scrolls of remove curse
 h - a scroll of amnesia
Comestibles
 c - a ration


   Skills:
 + Level 3.7 Fighting
 * Level 3.0 Long Blades
 - Level 2.1 Armour
 - Level 0.8 Dodging
 * Level 3.5 Invocations


You had 3 spell levels left.
You didn't know any spells.
Your spell library was empty.

Dungeon Overview and Level Annotations

Branches:
Dungeon (3/15)

Altars:


Innate Abilities, Weirdness & Mutations

You cannot be hasted, slowed, berserked, paralysed or teleported.
You can dig through walls and to a lower floor.
Your four strong arms can wield two-handed weapons with a shield.
You have a pair of large antennae on your head. (SInv)
Your body sometimes deteriorates upon taking damage.
Your system is resistant to poisons. (rPois)
Your spells are a little harder to cast, but a little more powerful.


Message History

You are too injured to fight recklessly!
You barely miss the gnoll.
The gnoll hits you with a cursed -1 spear!
You barely miss the gnoll. The gnoll barely misses you.
You hit the gnoll.
The gnoll is moderately wounded.
The gnoll misses you.
You riposte.
You hit the gnoll but do no damage.
The gnoll is moderately wounded.
You hit the gnoll but do no damage.
The gnoll is moderately wounded.
The gnoll hits you but does no damage.
You hit the gnoll.
The gnoll is severely wounded.
The gnoll hits you with a cursed -1 spear!
* * * LOW HITPOINT WARNING * * *
Your body deteriorates!
You feel dopey.
You barely miss the gnoll.
The gnoll is severely wounded.
The gnoll hits you with a cursed -1 spear!
You die...

### ###+#..
.(.....################
......................#
.....>..#############.#
[......)#....... #.#
..........# ##.######.#
.......##@# #.........#
###+#+# #g# .......<###
#g# #########


#gg ### You could see 4 gnolls.

Vanquished Creatures
  2 adders (D:2)
  A worm (D:2)
  A dart slug (D:1)
  2 leopard geckos (D:2)
  A giant cockroach (D:2)
  4 hobgoblins
  4 bats
  2 frilled lizards
  7 goblins
  8 kobolds
  2 rats (D:2)
34 creatures vanquished.

Notes
Turn   | Place    | Note
-------+----------+-------------------------------------------
     0 | Abyss:1  | kae the Formicid Abyssal Knight began the quest for the
                  | Orb.
     0 | Abyss:1  | Reached XP level 1. HP: 18/18 MP: 2/2
    68 | Abyss:1  | Found a shimmering blue altar of Sif Muna.
    79 | Abyss:1  | Found a shimmering blue altar of Sif Muna.
    85 | Abyss:1  | Noticed an Executioner
    89 | D:1      | Escaped the Abyss
   200 | D:1      | Reached XP level 2. HP: 20/24 MP: 3/3
   400 | D:1      | Reached * piety under Lugonu
   592 | D:1      | You fall into a shaft and drop 1 floor!
   724 | D:2      | Reached XP level 3. HP: 29/29 MP: 5/5
   779 | D:2      | Gained mutation: Your body sometimes deteriorates upon
                  | taking damage. [potion of mutation]
   779 | D:2      | Gained mutation: Your spells are a little harder to cast,
                  | but a little more powerful. [potion of mutation]
   779 | D:2      | Gained mutation: Your system is resistant to poisons.
                  | (rPois) [potion of mutation]
  1316 | D:2      | Reached XP level 4. HP: 33/37 MP: 6/6
  1544 | D:3      | Slain by a gnoll

Illustrated notes

Levels and vault maps discovered:
D:1:      wheals_arrival_shading, layout_basic
D:2:      layout_basic
D:3:      layout_basic, lemuel_round_altar, first_ration

Skill      XL: |  1  2  3  4 |
---------------+-------------+-----
Invocations    | 3 |  3.5
Long Blades    | 3 |  3.0
Fighting       | |  3.7
Armour         | |  2.1
Dodging        | |  0.8

Action                   |  1- 3 |  4- 6 || total
-------------------------+-------+-------++-------
Melee: Falchion          |    74 |    12 ||    86
Invok: Depart the Abyss  |     1 |       ||     1
  Use: Potion            |     3 |       ||     3
       Scroll            |       |     3 ||     3
  Eat: Chunk             |     1 |     1 ||     2
Armor: Leather armour    |    23 |       ||    23
Dodge: Dodged            |    67 |     6 ||    73
       Rpst.: Falchion   |    16 |     3 ||    19

Table legend:
 A = Non-vault XP
 B = Vault XP
 C = Vault XP percentage of total XP
 D = Non-vault monster count
 E = Vault monster count
 F = Vault count percentage of total count
                 A         B        C        D         E       F
            +---------+---------+-------+---------+---------+-------
      Total |      86 |       0 |   0.0 |      34 |       0 |   0.0
            +---------+---------+-------+---------+---------+-------
        D:1 |      18 |       0 |   0.0 |      10 |       0 |   0.0
        D:2 |      66 |       0 |   0.0 |      23 |       0 |   0.0
        D:3 |       2 |       0 |   0.0 |       1 |       0 |   0.0
            +---------+---------+-------+---------+---------+-------
